 Dungeon Crawl Stone Soup version 0.31-a0-210-gccc998df9b (webtiles) character file.

Game seed: 3793263494813424441

24 qw the Shooter (level 3, -2/21 HPs)
             Began as a Gargoyle Hexslinger on June 29, 2023.
             Slain by a quokka (3 damage)
             ... on level 2 of the Dungeon.
             The game lasted 00:00:12 (764 turns).

qw the Shooter (Gargoyle Hexslinger)                 Turns: 764, Time: 00:00:12

Health: -2/21      AC:  6    Str: 11    XL:     3   Next: 2%
Magic:  4/4        EV: 11    Int: 13    God:
Gold:   65         SH:  0    Dex: 14    Spells: 3/4 levels left

rFire   . . .        Y - +1 sling
rCold   . . .        (no shield)
rNeg    + . .        g - +0 leather armour
rPois   inf          (no helmet)
rElec   +            (no cloak)
rCorr   .            (no gloves)
SInv    .            (no boots)
Will    .....        (no amulet)
Stlth   +            (no ring)
HPRegen 0.23/turn    (no ring)
MPRegen 0.09/turn

%: no passive effects
@: no status effects
A: sickness immunity, AC +3, negative energy resistance 1, electricity
resistance, torment resistance 1, petrification resistance
a: no special abilities


You were on level 2 of the Dungeon.
You visited 1 branch of the dungeon, and saw 2 of its levels.

You collected 111 gold pieces.
You spent 46 gold pieces at shops.


Innate Abilities, Weirdness & Mutations

You are immune to sickness and miasma.
Your stone body is resilient. (AC +3)
You are immune to poison.
You resist negative energy. (rN+)
You are resistant to electric shocks. (rElec)
You are resistant to unholy torment.
You are immune to petrification.


   Skills:
 - Level 2.0 Fighting
 + Level 3.0 Ranged Weapons
 - Level 1.5 Dodging
 - Level 1.0 Spellcasting
 - Level 2.6 Hexes


You had 3 spell levels left.
You knew the following spells:

 Your Spells              Type           Power      Damage    Failure   Level
a - Slow                  Hex            28%        N/A       12%         1

Your spell library contained the following spells:

 Spells                   Type           Power      Damage    Failure   Level
 Inner Flame              Hex/Fire       4%         N/A       54%         3
 Portal Projectile        Hex/Tloc       8%         N/A       54%         3
 Cause Fear               Hex            3%         N/A       77%         4

Inventory:

Hand Weapons
 Y - a +1 sling (weapon)
Armour
 g - a +0 leather armour (worn)
Potions
 d - a potion of heal wounds {unknown}
 h - a potion of curing {unknown}
 i - a potion of might {unknown}
 j - a potion of mutation {unknown}

Dungeon Overview and Level Annotations

Branches:
Dungeon (2/15)

Altars:

Shops:
D:1 *


Message History

A gnoll comes into view. It is wielding a +0 whip.
You shoot a sling bullet. The gnoll shouts!
The sling bullet hits the gnoll.
The gnoll is severely wounded.
You shoot a sling bullet.
The sling bullet closely misses the gnoll.
The sling bullet barely misses the hobgoblin.
The sling bullet barely misses the gnoll.
The gnoll hits you with a +0 whip!
A quokka comes into view.
The gnoll closely misses you.
You shoot a sling bullet.
The sling bullet closely misses the gnoll.
The sling bullet hits the hobgoblin.
The hobgoblin is moderately wounded.
The quokka closely misses you.
A hobgoblin comes into view.
The gnoll closely misses you. The quokka bites you.
You shoot a sling bullet. The hobgoblin shouts!
The sling bullet hits the gnoll.
The gnoll is almost dead.
The gnoll hits you with a +0 whip! The quokka barely misses you.
You shoot a sling bullet. The sling bullet hits the gnoll.
You kill the gnoll!
The quokka bites you but does no damage.
The quokka bites you. The hobgoblin closely misses you.
Your Fighting skill increases to level 2!
You have reached level 3!
Your experience leads to an increase in your attributes!
Increase (S)trength, (I)ntelligence, or (D)exterity?
You feel agile. x2
You shoot a sling bullet.
The sling bullet closely misses the hobgoblin.
The sling bullet closely misses the gnoll.
The sling bullet hits the gnoll.
The gnoll is lightly wounded.
The quokka bites you.
You die... # #... ... .#### ... ... ..#.# ... \.. #.#<# #.# rg#

#.#.# #.###g##
#.#.# #...g..#
#.#.# #..g...#
#...# #.@rg..#
##..## #.###.##
#...### #.#
##....###.##
#.##..#...#
#.###.....#
#..............
########........
#.........


You could see 3 gnolls, 2 quokkas and 2 hobgoblins.

Vanquished Creatures
  A gnoll (D:2)
  2 ball pythons (D:1)
  An endoplasm (D:1)
  4 giant cockroaches
  A goblin (D:1)
  A hobgoblin (D:1)
  A quokka (D:1)
  A rat (D:1)
12 creatures vanquished.

Notes
Turn   | Place    | Note
-------+----------+-------------------------------------------
     0 | D:1      | qw the Gargoyle Hexslinger began the quest for the Orb.
     0 | D:1      | Reached XP level 1. HP: 12/12 MP: 2/2
     0 | D:1      | 0 ||| qw: Version: 0.3-a-24-g62f9e04
     0 | D:1      | 0 ||| qw: Game counter: 6669
     0 | D:1      | 0 ||| qw: Melee chars always use a shield: true
     0 | D:1      | 0 ||| qw: God list: Okawaru
     0 | D:1      | 0 ||| qw: Allow faded altars: false
     0 | D:1      | 0 ||| qw: Do Orc after clearing Dungeon:15 true
     0 | D:1      | 0 ||| qw: Do second Lair branch before Depths: true
     0 | D:1      | 0 ||| qw: Lair rune preference: random
     0 | D:1      | 0 ||| qw: Goals: Normal
     0 | D:1      | 0 ||| PLANNING D:1-11
   127 | D:1      | Found Rouraem's Assorted Antiques.
   172 | D:1      | 172 ||| BUYING leather armour (46 gold).
   172 | D:1      | Bought a leather armour for 46 gold pieces
   172 | D:1      | 172 ||| SHOPLISTING scroll labelled EXZUFI IREO (23 gold,
                  | have 14).
   172 | D:1      | 172 ||| SHOPLISTING scroll labelled MABYIN BIHIARGH (23
                  | gold, have 14).
   172 | D:1      | 172 ||| SHOPLISTING scroll labelled ORIENLELUG (23 gold,
                  | have 14).
   172 | D:1      | 172 ||| SHOPLISTING scroll labelled POTZIOHE HAGROTZ (23
                  | gold, have 14).
   172 | D:1      | 172 ||| SHOPLISTING scroll labelled QEWKATHR EBLISU (23
                  | gold, have 14).
   172 | D:1      | 172 ||| SHOPLISTING shiny acid dragon scales (989 gold,
                  | have 14).
   172 | D:1      | 172 ||| SHOPLISTING shiny bone wand (92 gold, have 14).
   172 | D:1      | 172 ||| SHOPLISTING short fluorescent wand (92 gold, have
                  | 14).
   172 | D:1      | 172 ||| SHOPLISTING shortbow (69 gold, have 14).
   348 | D:1      | Reached XP level 2. HP: 16/16 MP: 3/3
   686 | D:1      | 686 ||| UPGRADING to +0 leather armour.
   696 | D:1      | 696 ||| DROPPING +0 robe.
   697 | D:1      | 697 ||| READING scroll labelled XECWURROUNK.
   698 | D:1      | 698 ||| DRINKING 2 fizzy emerald potions.
   699 | D:1      | 699 ||| DROPPING scroll of poison.
   700 | D:1      | 700 ||| DROPPING potion of attraction.
   738 | D:2      | Reached skill level 3 in Ranged Weapons
   762 | D:2      | HP: 1/16 [gnoll/+0 whip (7)]
   764 | D:2      | Reached XP level 3. HP: 1/21 MP: 4/4
   764 | D:2      | Slain by a quokka

Levels and vault maps discovered:
D:1:      lightli_arrival_boilingwater, layout_basic, serial_shops,
          nicolae_shop_window_shopping, st_stairs_11
D:2:      layout_basic, hellmonk_ecumenical_altar_arch_garden

Skill      XL: |  1  2 |
---------------+-------+-----
Ranged Weapons | 3 |  3.0
Fighting       | 2 |  2.0
Dodging        | |  1.5
Spellcasting   | |  1.0
Hexes          | |  2.6

Action                     || total
---------------------------++-------
   Fire: Sling             ||    40
    Use: Scroll            ||     1
         Potion            ||     1
 Armour: Robe              ||     2
         Leather armour    ||     1
  Dodge: Dodged            ||    13

Table legend:
 A = Non-vault XP
 B = Vault XP
 C = Vault XP percentage of total XP
 D = Non-vault monster count
 E = Vault monster count
 F = Vault count percentage of total count
                 A         B        C        D         E       F
            +---------+---------+-------+---------+---------+-------
      Total |      25 |      10 |  28.6 |       7 |       5 |  41.7
            +---------+---------+-------+---------+---------+-------
        D:1 |       8 |      10 |  55.6 |       5 |       5 |  50.0
        D:2 |      17 |       0 |   0.0 |       2 |       0 |   0.0
            +---------+---------+-------+---------+---------+-------
